 Dungeon Crawl Stone Soup version 0.30.0-5-g1a98f26d00 (webtiles) character file.

Game seed: 16541874048918110288

1 Orangeyouglad the Magician (level 1, -2/13 HPs)
             Began as a Human Hedge Wizard on May 13, 2023.
             Slain by a kobold
             ... wielding a +0 short sword
              (4 damage)
             ... on level 1 of the Dungeon.
             The game lasted 00:00:24 (158 turns).

Orangeyouglad the Magician (Human Hedge Wizard)      Turns: 158, Time: 00:00:24

Health: -2/13      AC:  2    Str: 10    XL:     1   Next: 22%
Magic:  1/4        EV: 12    Int: 14    God:
Gold:   26         SH:  0    Dex: 12    Spells: 5/6 levels left

rFire   . . .        a - +0 dagger
rCold   . . .        (no shield)
rNeg    . . .        b - +0 robe
rPois   .            c - +0 hat
rElec   .            (no cloak)
rCorr   .            (no gloves)
SInv    .            (no boots)
Will    .....        (no amulet)
Stlth   ++           (no ring)
HPRegen 0.22/turn    (no ring)
MPRegen 0.09/turn

%: no passive effects
@: no status effects
A: no striking features
a: no special abilities


You were on level 1 of the Dungeon.
You visited 1 branch of the dungeon, and saw 1 of its levels.

You collected 26 gold pieces.

Inventory:

Hand Weapons
 a - a +0 dagger (weapon)
Armour
 b - a +0 robe (worn)
 c - a +0 hat (worn)
Potions
 d - a potion of magic


   Skills:
 + Level 2.0 Dodging
 + Level 2.0 Stealth
 + Level 3.0 Spellcasting
 + Level 1.0 Conjurations
 + Level 1.0 Summonings
 + Level 1.0 Translocations


You had 5 spell levels left.
You knew the following spells:

 Your Spells              Type           Power      Damage    Failure   Level
a - Magic Dart            Conj           20%        1d4       14%         1

Your spell library contained the following spells:

 Spells                   Type           Power      Damage    Failure   Level
 Slow                     Hex            8%         N/A       22%         1
 Blink                    Tloc           10%        N/A       22%         2
 Call Imp                 Summ           10%        N/A       22%         2
 Cigotuvi's Dreadful Rot  Necr/Pois/Air  4%         N/A       32%         2
 Mephitic Cloud           Conj/Pois/Air  3%         N/A       50%         3


Dungeon Overview and Level Annotations

Branches:
Dungeon (1/15)

Altars:


Message History

The bat barely misses you.
A kobold comes into view. It is wielding a +0 short sword.
Found a stone staircase leading down.
The bat hits you but does no damage. The bat hits you but does no damage.
The bat barely misses you.
You hit the bat but do no damage.
The bat is heavily wounded.
The bat barely misses you. The bat barely misses you. The bat hits you.
You closely miss the bat.
The bat is heavily wounded.
The bat misses you. The bat hits you but does no damage.
Aiming: Magic Dart (safe; 14% risk of failure)
Press: ? - help, Q - select action Shift-Dir - straight line, f/p - bat
Aim: a bat (moderately wounded, 100% to hit)
The magic dart hits the bat.
The bat is heavily wounded.
The bat hits you.
Your magical contamination has completely faded away.
The kobold attacks as you move away!
The kobold hits you with a +0 short sword.
The kobold attacks as you move away! The kobold misses you.
You barely miss the kobold. The kobold closely misses you.
You hit the kobold but do no damage.
The kobold hits you with a +0 short sword.
You hit the kobold.
The kobold is moderately wounded.
The kobold hits you but does no damage.
You barely miss the kobold.
The kobold is moderately wounded.
The kobold closely misses you.
You hit the kobold but do no damage.
The kobold hits you with a +0 short sword.
You barely miss the kobold.
The kobold hits you with a +0 short sword.
* * * LOW HITPOINT WARNING * * *
You hit the kobold.
The kobold is moderately wounded.
The kobold hits you with a +0 short sword.
You die...

##.#.###†############
#.##..##.# .........#
#.#...#########
##............#
......#######.#
.##...# ##.##
.##...######>..######
................@Kb.#
..#.########...####.#
..#.# ##.## #.# ..#.#
#.# #.# ..#.# #.# #.#
#.# #.# #.# #. #.#
..# #. #>.# ...#


You could see a bat and a kobold.

Vanquished Creatures
  A hobgoblin (D:1)
1 creature vanquished.

Notes
Turn   | Place    | Note
-------+----------+-------------------------------------------
     0 | D:1      | Orangeyouglad the Human Hedge Wizard began the quest for
                  | the Orb.
     0 | D:1      | Reached XP level 1. HP: 13/13 MP: 4/4
   158 | D:1      | Slain by a kobold

Illustrated notes

Levels and vault maps discovered:
D:1:      pf_arrival_petrified_forest, layout_loops_ring

Action                     || total
---------------------------++-------
  Melee: Dagger            ||    20
   Cast: Magic Dart        ||     7
 Armour: Robe              ||     9
  Dodge: Dodged            ||    22
